 Dungeon Crawl Stone Soup version 0.24.0-37-gcf1ca852f1 (webtiles) character file.

Game seed: 18305250077486856120, levelgen mode: deterministic

120 Belius the Skirmisher (level 5, -6/43 HPs)
             Began as a Formicid Abyssal Knight on Dec 6, 2019.
             Was a Believer of Lugonu.
             Killed by divine providence
             ... invoked by an orc priest
              (12 damage)
             ... on level 4 of the Dungeon.
             The game lasted 00:04:04 (2549 turns).

Belius the Skirmisher (Formicid Abyssal Knight)     Turns: 2549, Time: 00:04:04

Health: -6/43      AC: 11    Str: 18    XL:     5   Next: 25%
Magic:  6/6        EV:  5    Int: 11    God:    Lugonu [**....]
Gold:   134        SH:  0    Dex: 10    Spells: 4/4 levels left

rFire    . . .     SeeInvis +   a - +1 falchion
rCold    . . .     Gourm    .   (no shield)
rNeg     . . .     Faith    .   d - +0 plate armour
rPois    .         Spirit   .   (helmet unavailable)
rElec    .         Reflect  .   (no cloak)
rCorr    .         Harm     .   (no gloves)
MR       .....                  (no boots)
Stlth    ..........             (no amulet)
HPRegen  0.14/turn              (no ring)
MPRegen  0.10/turn              (no ring)

@: no status effects
A: permanent stasis, dig shafts and tunnels, four strong arms, antennae 3
a: Dig, Shaft Self, Depart the Abyss, Bend Space, Renounce Religion


You were on level 4 of the Dungeon.
You worshipped Lugonu.
Lugonu was pleased with you.
You were not hungry.

You visited 1 branch of the dungeon, and saw 4 of its levels.
You visited the Abyss 1 time.

You collected 134 gold pieces.

Inventory:

Hand Weapons
 a - a +1 falchion (weapon)
Armour
 b - a +0 leather armour
 d - a +0 plate armour (worn)
Jewellery
 e - an uncursed amulet of magic regeneration {unknown}
 f - an uncursed ring of fire {unknown}
Scrolls
 g - 2 scrolls of remove curse {unknown}
 h - 3 scrolls of magic mapping {unknown}
Potions
 i - a potion of mutation {unknown}
 j - a potion of flight {unknown}
 k - 2 potions of might {unknown}
Comestibles
 c - 5 rations


   Skills:
 + Level 4.4 Fighting
 + Level 3.4 Long Blades
 + Level 3.1 Armour
 + Level 1.1 Dodging
 + Level 2.2 Invocations


You had 4 spell levels left.
You didn't know any spells.
Your spell library was empty.

Dungeon Overview and Level Annotations

Branches:
Dungeon (4/15)
 Temple: D:4-7

Altars:
Ashenzari
Cheibriados
Nemelex Xobeh
Sif Muna
Trog


Innate Abilities, Weirdness & Mutations

You cannot be hasted, slowed, berserked, paralysed or teleported.
You can dig through walls and to a lower floor.
Your four strong arms can wield two-handed weapons with a shield.
You have a pair of large antennae on your head. (SInv)


Message History

The orc shouts!
The orc priest shouts!
The orc priest begins to cast a cantrip, but forgets the words!
An orc comes into view. It is wielding a +0 flail.
The orc moves out of view.
An orc comes into view. It is wielding a +0 hand axe.
The orc shouts!
Found 7 gold pieces.
A centaur skeleton comes into view.
The orc priest calls down the wrath of Beogh upon you.
Beogh smites you!
Found a scroll labeled ISHIWE ZECISED.
The orc priest invokes the aid of Beogh against you.
Beogh smites you!
The orc priest mumbles some strange prayers to Beogh against you.
Beogh smites you!
* * * LOW HITPOINT WARNING * * *
The orc barely misses you.
The orc priest invokes the aid of Beogh against you.
Beogh smites you!
You die...

...... #######...#
##....##...#
###..........######
#<......#.........#
#########.##......#
#......)..##......# #
#.####################..#
#............>@..........
###....######..##o..##...
.............).##.oo..#
..##....########.......#
. ###### #.......#
#....$Z..o# #.........#
####....... ####?...#


You could see an orc priest and 2 orcs.

Vanquished Creatures
  A bullfrog skeleton (D:4)
  An adder (D:3)
  A shadow imp (D:3)
  An ooze (D:2)
  3 worms
  A dart slug (D:3)
  A leopard gecko (D:3)
  3 orcs
  6 giant cockroaches
  5 hobgoblins
  6 jackals (D:2)
  2 quokkas (D:2)
  3 ball pythons
  3 bats
  4 frilled lizards
  2 goblins
  7 kobolds
  6 rats
56 creatures vanquished.

Notes
Turn   | Place    | Note
-------+----------+-------------------------------------------
     0 | Abyss:1  | Belius the Formicid Abyssal Knight began the quest for the
                  | Orb.
     0 | Abyss:1  | Reached XP level 1. HP: 18/18 MP: 2/2
    62 | Abyss:1  | Noticed a guardian serpent
    65 | D:1      | Escaped the Abyss
   200 | D:1      | Reached * piety under Lugonu
   200 | D:1      | Reached XP level 2. HP: 24/25 MP: 3/3
   363 | D:1      | You fall into a shaft and drop 1 floor!
   595 | D:2      | Reached skill level 1 in Dodging
   595 | D:2      | Reached XP level 3. HP: 28/30 MP: 4/4
   609 | D:2      | Found a sparkling altar of Nemelex Xobeh.
   719 | D:2      | Reached skill level 4 in Fighting
  1074 | D:2      | Found a bloodstained altar of Trog.
  1210 | D:2      | Found a shimmering blue altar of Sif Muna.
  1324 | D:3      | Reached XP level 4. HP: 37/37 MP: 5/5
  1328 | D:3      | Found a snail-covered altar of Cheibriados.
  1540 | D:3      | Reached ** piety under Lugonu
  1793 | D:3      | Found a shattered altar of Ashenzari.
  2392 | D:4      | Reached XP level 5. HP: 27/43 MP: 6/6
  2549 | D:4      | Killed from afar by an orc priest

Levels and vault maps discovered:
D:1:      dpeg_arrival_prison, layout_loops_cross
D:2:      layout_basic, bloody_trog, lemuel_blue_sif_altar,
          nemelex_xobeh_ov_fountains_minmay, first_ration, minmay_hedge_maze
D:3:      layout_basic, nicolae_overflow_crystal_walls,
          nicolae_overflow_hidden_temple, kennysheep_slug_shrine
D:4:      kennysheep_spiral_hall, layout_basic, grunt_gozag_statues,
          chequers_temple_overflow_minitemple, lemuel_coloured_pillars_altar,
          uniq_pikel

Skill      XL: |  1  2  3  4 |
---------------+-------------+-----
Dodging        | 1 |  1.1
Fighting       | 4 |  4.4
Long Blades    | 3 |  3.4
Armour         | 3 |  3.1
Invocations    | |  2.2

Action                   |  1- 3 |  4- 6 || total
-------------------------+-------+-------++-------
Melee: Falchion          |   155 |   120 ||   275
Invok: Depart the Abyss  |     1 |       ||     1
  Use: Potion            |       |     2 ||     2
  Eat: Chunk             |     1 |     2 ||     3
       Ration            |       |     1 ||     1
Armor: Leather armour    |     5 |       ||     5
       Plate armour      |   130 |    82 ||   212
       Skin              |       |    11 ||    11
Dodge: Dodged            |    62 |    26 ||    88
       Rpst.: Falchion   |    20 |     5 ||    25
